 Dungeon Crawl Stone Soup version 0.31.0-32-g396128a36d (webtiles) character file.

Game seed: 2153142719053712619

1568 Marvel the Carver (level 8, -2/58 (71) HPs)
             Began as a Minotaur Fighter on Mar 16, 2024.
             Slain by Duvessa
             ... wielding a +3 rapier of draining
              (4 damage)
             ... on level 6 of the Dungeon.
             The game lasted 00:05:02 (4266 turns).

Marvel the Carver (Minotaur Fighter)                Turns: 4266, Time: 00:05:03

HP:   -2/58 (71)    AC:  8    Str: 25    XL:     8   Next: 59%
MP:   7/7           EV: 10    Int:  5    God:
Gold: 347           SH:  5    Dex: 13    Spells: 7/7 levels left

rFire   . . .        x - +3 long sword (vamp)
rCold   . . .        c - +0 buckler
rNeg    . . .        q - +0 acid dragon scales
rPois   .            (helmet restricted)
rElec   .            g - +0 cloak
rCorr   +            (no gloves)
SInv    .            (no boots)
Will    +....        (no amulet)
Stlth   +            n - ring "Teurodesh" {Will+ Str+3 Dex+2}
HPRegen 0.29/turn    (no ring)
MPRegen 0.10/turn

%: no passive effects
@: heavily drained
A: horns 2, retaliatory headbutt
a: no special abilities


You were on level 6 of the Dungeon.
You visited 1 branch of the dungeon, and saw 6 of its levels.

You collected 347 gold pieces.

Inventory:

Hand Weapons
 a - a +0 trident
 f - a +3 dagger
 t - a +0 glaive
 x - a +3 vampiric long sword (weapon)
Missiles
 r - 19 poisoned darts (quivered)
 u - a throwing net
Armour
 b - a +0 scale mail
 c - a +0 buckler (worn)
 g - a +0 cloak (worn)
 q - +0 acid dragon scales (worn)
Jewellery
 n - the ring "Teurodesh" (left hand) {Will+ Str+3 Dex+2}
   (You found it on level 2 of the Dungeon)

   [ring of willpower]

   Str+3:     It affects your strength (+3).
   Dex+2:     It affects your dexterity (+2).
   Will+:     It increases your willpower.
Wands
 w - a wand of polymorph (12)
Scrolls
 j - 3 scrolls of revelation {unknown}
 k - 3 scrolls of teleportation {unknown}
 l - 2 scrolls of identify {unknown}
 s - a scroll of enchant armour {unknown}
 v - a scroll of vulnerability
Potions
 d - a potion of might
 e - a potion of lignification {unknown}
 h - a potion of heal wounds {unknown}
 i - 5 potions of curing
 m - 3 potions of magic {unknown}
 o - a potion of enlightenment {unknown}
 p - a potion of invisibility {unknown}
 z - 2 potions of attraction {unknown}
 B - a potion of mutation {unknown}


   Skills:
 + Level 6.6 Fighting
 * Level 9.0 Long Blades
 - Level 4.2 Polearms
 + Level 6.0 Armour
 - Level 0.1 Dodging
 - Level 0.1 Stealth
 + Level 5.6 Shields


You had 7 spell levels left.
You didn't know any spells.
Your spell library contained the following spells:

 Spells                   Type           Power      Damage    Failure   Level
 Foxfire                  Conj/Fire      0%         2x1d4     58%         1
 Magic Dart               Conj           0%         1d3       58%         1
 Slow                     Hex            0%         N/A       58%         1
 Cigotuvi's Dreadful Rot  Necr/Alch/Air  0%         N/A       75%         2
 Ensorcelled Hibernation  Hex/Ice        0%         N/A       75%         2
 Confusing Touch          Hex            0%         N/A       92%         3
 Mephitic Cloud           Conj/Alch/Air  0%         N/A       92%         3
 Passwall                 Erth           0%         N/A       92%         3
 Sigil of Binding         Hex            0%         N/A       92%         3
 Swiftness                Air            0%         N/A       92%         3
 Vampiric Draining        Necr           0%         2d6       92%         3
 Animate Armour           Summ/Erth      0%         N/A       100%        4
 Dispel Undead            Necr           0%         3d6       100%        4
 Martyr's Knell           Necr/Summ      0%         N/A       100%        4
 Fireball                 Conj/Fire      0%         3d3       100%        5
 Death Channel            Necr           0%         N/A       100%        6
 Plasma Beam              Fire/Air       0%         2x1d10    100%        6
 Starburst                Conj/Fire      0%         6d3       100%        6


Dungeon Overview and Level Annotations

Branches:
Dungeon (6/15)
 Temple: D:4-7

Altars:
Ashenzari
Gozag
Xom

Shops:
D:5 [

Annotations:
D:3 3 runed translucent doors, nitefall's ghost, amateur GrEE
D:6 1 runed translucent door, Duvessa; Sphyrna's ghost, novice MiBe


Innate Abilities, Weirdness & Mutations

You have a pair of horns on your head.
You reflexively headbutt those who attack you in melee.


Message History

You slash Duvessa!
Duvessa is moderately wounded.
Duvessa hits you with a +3 rapier of draining.
You feel drained.
You hit Duvessa but do no damage. You headbutt Duvessa!
Duvessa is heavily wounded.
You block Duvessa's attack.
Duvessa hits you with a +3 rapier of draining!
You feel drained.
You barely miss Duvessa. You headbutt Duvessa.
Duvessa is heavily wounded.
Duvessa hits you with a +3 rapier of draining!
You feel drained.
You are too injured to fight recklessly!
You are too injured to fight recklessly!
You are too injured to fight recklessly!
You are too injured to fight recklessly!
You are too injured to fight recklessly!
You are too injured to fight recklessly!
You are too injured to fight recklessly!
You are too injured to fight recklessly!
You are too injured to fight recklessly!
You are too injured to fight recklessly!
You are too injured to fight recklessly!
You are too injured to fight recklessly!
You are too injured to fight recklessly!
You are too injured to fight recklessly!
You are too injured to fight recklessly!
You hit Duvessa but do no damage. Your headbutt misses Duvessa.
Duvessa is heavily wounded.
Duvessa hits you with a +3 rapier of draining!
You feel drained.
Duvessa hits you with a +3 rapier of draining!
You feel drained.
You hit Duvessa but do no damage. You headbutt Duvessa!
Duvessa is severely wounded.
Duvessa hits you with a +3 rapier of draining!
* * * LOW HITPOINT WARNING * * *
You feel drained.
You die...

.......#..#...#
##........#...#
##........#####
##.....#..###
.#.....#....## ####
......###....# #..##
..##..# ##..####...#
####. #......#.).#
#.......@..####
..###.......e.....#
............#......#
....#......##......#
.
......#.............
#
#####.#.##..##......
.. ....###..#....##
.. .##..###.##....##
.. #..#..........##


You could see Duvessa (berserk).

Vanquished Creatures
  An ogre (D:6)
  A black bear (D:6)
  2 phantoms
  A centaur (D:5)
  A bullfrog (D:5)
  7 scorpions
  Dowan (D:6)
  A bombardier beetle (D:3)
  3 hounds
  A gnoll bouda (D:4)
  3 jellies
  A sleepcap (D:6)
  An iguana (D:5)
  6 orc wizards
  4 gnolls
  7 adders
  A shadow imp (D:6)
  2 ufetubi (D:6)
  A ribbon worm (D:4)
  2 dart slugs (D:1)
  12 orcs
  6 endoplasms
  2 giant cockroaches
  5 goblins
  4 hobgoblins
  A quokka (D:3)
  6 ball pythons
  7 bats
  3 frilled lizards
  10 kobolds
  5 rats
108 creatures vanquished.

Notes
Turn   | Place    | Note
-------+----------+-------------------------------------------
     0 | D:1      | Marvel the Minotaur Fighter began the quest for the Orb.
     0 | D:1      | Reached XP level 1. HP: 19/19 MP: 0/0
   182 | D:1      | Reached XP level 2. HP: 27/27 MP: 1/1
   784 | D:2      | Reached XP level 3. HP: 33/33 MP: 2/2
   822 | D:2      | Identified the ring "Teurodesh" {Will+ Str+3 Dex+2}
  1299 | D:3      | Reached XP level 4. HP: 40/40 MP: 3/3
  1401 | D:3      | Noticed nitefall's ghost (amateur GrEE)
  1702 | D:3      | Found a runed translucent gate.
  1702 | D:3      | Found a runed translucent gate.
  1702 | D:3      | Found a runed translucent gate.
  1947 | D:4      | Noticed a scorpion
  1956 | D:4      | Killed a scorpion
  1957 | D:4      | Reached skill level 1 in Long Blades
  1957 | D:4      | Reached XP level 5. HP: 17/47 MP: 4/4
  2133 | D:4      | Reached skill level 2 in Long Blades
  2133 | D:4      | Reached skill level 5 in Armour
  2135 | D:4      | Reached skill level 5 in Fighting
  2135 | D:4      | Reached XP level 6. HP: 52/56 MP: 5/5
  2150 | D:4      | Got the Catalogue of Power and the Comitatus
  2154 | D:4      | Identified the +6 buckler of Zin's Condemnation {MP+9
                  | Str+2}
  2205 | D:4      | Found a shimmering altar of Xom.
  2316 | D:4      | Reached skill level 3 in Long Blades
  2425 | D:4      | Found an opulent altar of Gozag.
  2664 | D:5      | Entered Level 5 of the Dungeon
  2741 | D:4      | Reached skill level 4 in Long Blades
  2748 | D:4      | Reached XP level 7. HP: 54/61 MP: 6/6
  2980 | D:5      | Reached skill level 5 in Long Blades
  2980 | D:5      | Reached skill level 5 in Shields
  3090 | D:5      | Found Ugiomp's Armour Shop.
  3145 | D:5      | Identified the +5 ring mail of the Bulwark {-Tele rPois
                  | Str+6 Stlth+}
  3273 | D:5      | Reached skill level 6 in Long Blades
  3584 | D:5      | Reached XP level 8. HP: 62/70 MP: 7/7
  3587 | D:5      | Reached skill level 7 in Long Blades
  3814 | D:5      | Reached skill level 8 in Long Blades
  3962 | D:6      | Found a runed translucent door.
  3963 | D:6      | Noticed Sphyrna's ghost (novice MiBe)
  4209 | D:6      | Found a broken altar of Ashenzari.
  4252 | D:6      | Noticed Dowan
  4255 | D:6      | Noticed Duvessa
  4261 | D:6      | Killed Dowan
  4262 | D:6      | Reached skill level 9 in Long Blades
  4266 | D:6      | HP: 2/60 [Duvessa/+3 rapier of draining (17)]
  4266 | D:6      | Slain by Duvessa

Illustrated notes

Levels and vault maps discovered:
D:1:      lightli_arrival_lavapool, layout_basic
D:2:      layout_rooms, minmay_tripent
D:3:      layout_rooms, gammafunk_ghost_icy, nicolae_twisty_statue_hallways
D:4:      layout_gridville, mainiacjoe_overflow_catwalk_spiral
D:5:      old_forge, layout_loops_ring, serial_shops,
          nicolae_shop_just_a_little_nook, kennysheep_flooded_box
D:6:      layout_cave_pools, mainiacjoe_overflow_surrounded_room,
          gammafunk_ghost_grave, kennysheep_cross_room, uniq_jeremiah,
          uniq_duvessa

Skill      XL: |  1  2  3  4  5  6  7  8 |
---------------+-------------------------+-----
Shields        | 4 5 |  5.6
Fighting       | 4 5 6 |  6.6
Armour         | 4 5 6 |  6.0
Polearms       | 3 4 |  4.2
Long Blades    | 1 2 4 6 9 |  9.0
Dodging        | |  0.1
Stealth        | |  0.1

Action                     |  1- 3 |  4- 6 |  7- 9 || total
---------------------------+-------+-------+-------++-------
  Melee: Trident           |    81 |    27 |       ||   108
         Headbutt          |     9 |    15 |    26 ||    50
         Long sword        |       |    69 |   142 ||   211
    Use: Scroll            |       |     5 |       ||     5
         Potion            |       |       |     1 ||     1
 Armour: Scale mail        |    42 |     2 |       ||    44
         Acid dragon scale |       |    66 |   128 ||   194
  Dodge: Dodged            |    26 |    49 |    39 ||   114
  Block: Buckler           |    13 |    30 |    37 ||    80
